cohdb
Replays
Latest Replays
All Replays
Popular Replays
Top Player Replays
Match Explorer
How It Works
Community
CoH3 Stats
Reddit
Sign in to upload your games and track your stats! →
Sign in with Steam
Match 42871859
Unlisted
Match 42871859
Overview
Messages
Build Orders
End
Royal Engineer Section
Construct Section Command Post
Selects Indian Artillery Battlegroup
Selects Indian Artillery Battlegroup
Dingo Light Scout Car
Infantry Section
Infantry Section
Infantry Section
Construct Platoon Command Post
Selects War Cry
Selects Gurkha Rifles Section
Humber Armored Car
Infantry Training
Gurkha Rifles Section
Construct Company Command Post
Selects Volunteer Infantry
Selects Artillery Saturation
Crusader II Medium Tank
Selects Off-map Airburst Barrage
Selects BL5.5 Artillery Emplacement
Crusader II Medium Tank
War Cry
Crusader II Medium Tank
Off-map Airburst Barrage
War Cry
Crusader II Medium Tank
STALKER4732
kit.ohume
Devochkin
Sihubergen
Thmln
MrZob
0
0
Comments
sign in to comment!
No comments posted yet!